 Dungeon Crawl Stone Soup version 0.19.1 (webtiles) character file.

1669169 Tiuover the Ninja (level 27, 210/210 HPs)
             Began as an Octopode Fighter on Dec 19, 2016.
             Was a High Priest of Dithmenos.
             Escaped with the Orb
             ... and 3 runes on Dec 23, 2016!
             The game lasted 08:58:03 (72189 turns).

Tiuover the Ninja (Octopode Fighter)               Turns: 72189, Time: 08:58:04

Health: 210/210    AC:  7    Str: 22    XL:     27
Magic:  42/42      EV: 38    Int: 13    God:    Dithmenos [*****.]
Gold:   5246       SH: 24    Dex: 29    Spells: 9 memorised, 19 levels left

rFire  + + .     SeeInvis .     R - +5 rod of shadows (11/11)
rCold  + . .     Gourm    .     L - +5 shield {reflect}
rNeg   + + .     Faith    .     P - +2 hat
rPois  +         Spirit   .     b - amulet of Vitality {Regen+ HP+15}
rElec  .         Reflect  +     c - ring of protection from cold
rCorr  .         Harm     .     W - ring "Isonnomu" {+Fly rPois rF+ MR+}
MR     ++++.                    M - +4 ring of dexterity
Stlth  +++++++...               C - ring of protection from fire
                                i - ring "Tiried" {Slay+3 Stlth+}
                                G - +6 ring of strength
                                q - ring "Hiqaek" {*Contam rN++ MR+ MP+9 Stlth+}
                                N - +3 ring of evasion

@: wreathed by umbra, repel missiles, drained
A: almost no armour, stealthy swim, amphibious, 8 rings, constrict 8, fangs 2,
large bone plates 1, yellow scales 2, camouflage 1, agile 1, blurry vision 1,
clever 1, low mp 1, sense surroundings 1, shaggy fur 1, gelatinous body 1, no
device heal 1, MP-powered wands
a: Shadow Step, Shadow Form, Renounce Religion, Evoke Flight
0: Orb of Zot
}: 3/15 runes: barnacled, abyssal, gossamer


You escaped.
You worshipped Dithmenos.
Dithmenos was extremely pleased with you.
You were very full.

You visited 9 branches of the dungeon, and saw 48 of its levels.
You visited the Abyss 1 time.
You also visited: Bailey, Ice Cave and Wizlab.

You collected 6333 gold pieces.
You spent 1087 gold pieces at shops.

Inventory:

Hand Weapons
 m - a +6 long sword of holy wrath
 n - the +10 rapier "Gram" {pierce, rF+}
   (You found it on level 3 of the Depths)

   It inflicts extra damage upon your enemies.
   It protects you from fire.
 v - a +9 long sword of electrocution
 A - the +11 hand crossbow "Uguehepu" {penet, rPois}
   (You found it on level 3 of the Depths)

   Ammo fired by it will pass through the targets it hits, potentially hitting
   all targets in its path until it reaches maximum range.
   It protects you from poison.
Missiles
 g - 217 bolts
 w - 952 stones (quivered)
Armour
 L - a +5 shield of reflection (worn)
 P - a +2 hat (worn)
Rods
 R - a +5 rod of shadows (11/11) (in tentacle)
   (You took it off a deep elf knight on level 3 of the Elven Halls)
Jewellery
 b - the amulet of Vitality (around mantle) {Regen+ HP+15}
   (You took it off a deep elf death mage on level 3 of the Elven Halls)

   [amulet of regeneration]

   It affects your health (+15).
   It increases your rate of regeneration.
 c - a ring of protection from cold (left tentacle)
 i - the ring "Tiried" (on tentacle) {Slay+3 Stlth+}
   (You found it on level 5 of the Realm of Zot)

   [ring of stealth]

   It affects your accuracy and damage with ranged weapons and melee attacks
   (+3).
   It makes you more stealthy.
 q - the ring "Hiqaek" (on tentacle) {*Contam rN++ MR+ MP+9 Stlth+}
   (You found it on level 3 of the Depths)

   [ring of protection from magic]

   It greatly protects you from negative energy.
   It affects your resistance to hostile enchantments.
   It affects your magic capacity (+9).
   It causes magical contamination when unequipped.
   It makes you more stealthy.
 y - an uncursed ring of protection from magic
 z - the ring "Esmul" {Ice rPois rN++ Str+3 Int-4}
   (You found it on level 3 of the Depths)

   [ring of ice]

   It enhances your ice magic.
   It affects your strength (+3).
   It affects your intelligence (-4).
   It makes you vulnerable to fire.
   It protects you from cold.
   It protects you from poison.
   It greatly protects you from negative energy.
 C - a ring of protection from fire (on tentacle)
 F - an uncursed ring of protection from cold
 G - a +6 ring of strength (on tentacle)
 H - an uncursed ring of see invisible
 M - a +4 ring of dexterity (on tentacle)
 N - a +3 ring of evasion (on tentacle)
 W - the ring "Isonnomu" (right tentacle) {+Fly rPois rF+ MR+}
   (You found it on level 4 of the Depths)

   [ring of protection from magic]

   It protects you from fire.
   It protects you from poison.
   It affects your resistance to hostile enchantments.
   It lets you fly.
Wands
 h - a wand of acid (1/15)
 l - a wand of iceblast (5/15)
 o - a wand of acid (7/15)
 B - a wand of iceblast (0/15)
 T - a wand of disintegration (0/24)
 V - a wand of disintegration (2/24)
 Z - a wand of lightning (6/15)
Scrolls
 j - 2 scrolls of fear
 k - 4 scrolls of magic mapping
 s - 11 scrolls of remove curse
 t - 4 scrolls of fog
 E - 4 scrolls of recharging
 I - 6 scrolls of blinking
 S - 5 scrolls of identify
 U - 5 scrolls of teleportation
Potions
 p - 19 potions of curing
 D - 3 potions of cure mutation
 J - 2 potions of cancellation
 K - 9 potions of ambrosia
 O - 2 potions of heal wounds
 X - a potion of resistance
 Y - 2 potions of magic
Miscellaneous
 u - a disc of storms
 x - 2 phantom mirrors
Comestibles
 d - 25 bread rations
 f - 16 meat rations
 Q - a fruit


   Skills:
 - Level 17.9(16.6) Fighting
 - Level 13.0(14.1) Short Blades
 - Level 14.0(14.6) Long Blades
 - Level 13.1(12.0) Crossbows
 - Level 20.6(19.3) Dodging
 O Level 27(25.4) Stealth
 - Level 15.9(14.6) Shields
 - Level 7.1(6.1) Spellcasting
 - Level 8.8(7.8) Charms
 - Level 4.4(3.5) Summonings
 - Level 8.0(7.0) Necromancy
 - Level 4.9(4.0) Translocations
 - Level 3.3(2.4) Air Magic
 + Level 6.1(5.1) Invocations
 - Level 20.2(18.9) Evocations


You had 19 spell levels left.
You knew the following spells:

 Your Spells              Type           Power        Failure   Level  Hunger
a - Apportation           Tloc           ##........   3%          1    None
b - Blink                 Tloc           N/A          6%          2    #......
c - Repel Missiles        Chrm/Air       ###...       3%          2    #......
d - Shroud of Golubria    Chrm/Tloc      ###.......   2%          2    #......
e - Song of Slaying       Chrm           ###.....     1%          2    #......
f - Regeneration          Chrm/Necr      ###.......   2%          3    ###....
g - Summon Butterflies    Summ           ##......     4%          1    None
h - Deflect Missiles      Chrm/Air       ###.......   100%        6    #######
i - Swiftness             Chrm/Air       ###.....     3%          2    #......


Dungeon Overview and Level Annotations

Branches:
Dungeon (15/15)            Temple (0/1) D:5            Lair (6/6) D:8
 Shoals (4/4) Lair:4       Spider (4/4) Lair:3        Slime (0/5) Lair:6
    Orc (2/2) D:12            Elf (3/3) Orc:2        Vaults (4/5) D:14
  Crypt (0/3) Vaults:3     Depths (5/5) D:15            Zot (5/5) Depths:5

Altars:
Ashenzari
Dithmenos
Fedhas
Gozag
Kikubaaqudgha
Makhleb
Nemelex Xobeh
Qazlal
Ru
Sif Muna
Vehumet
Xom
Yredelemnul
Jiyva

Shops:
D:5 [   D:6 }   D:8 %   D:9 *   D:14 %   Orc:1 (   Orc:2 }%(%*   Shoals:2 (*
Shoals:3 *   Shoals:4 !   Vaults:2 :   Depths:1 %}==   Depths:2 (

Portals:
Hell: Depths:1 Depths:2 Depths:3 Depths:4 Depths:5
Abyss: Depths:4
Pandemonium: Depths:3
Ziggurat: Depths:3
Trove: D:12 (give 2 scrolls of acquirement)

Annotations:
D:15 Roxanne
Lair:5 1 exclusion
Shoals:4 exclusion: manticore
Spider:2 Arachne
Zot:3 Kite's ghost, legendary GrEE


Innate Abilities, Weirdness & Mutations

You cannot wear most types of armour.
You are very stealthy in the water. (Stealth+)
You are amphibious.
You can wear up to eight rings at the same time.
You can use your tentacles to constrict eight enemies at once.
Your skin changes colour to match your surroundings (Stealth+).
Your rubbery body absorbs attacks. (AC +1, EV +1)
You have extremely sharp teeth.
You are partially covered in large bone plates. (SH +4)
You are mostly covered in yellow scales. (AC +3)
You are agile. (Dex +2)
Scrolls take you a little longer to read.
Your mind is acute. (Int +2)
Your magical capacity is low. (-10% MP)
You passively map a small area around you.
You are covered in fur. (AC +1)
Potions and wands are less effective at restoring your health.
You expend magic power (3 MP) to strengthen your wands.


Message History

R - a +5 rod of shadows (11/11) (in tentacle)
The Ice Fiend gestures at you. The bolt of cold misses you.
A lich comes into view.
Really read with blurry vision while enemies are nearby?
Uppercase [Y]es or [N]o only, please.
Really read with blurry vision while enemies are nearby?
You begin reading the scroll.
You continue reading the scroll.
The Ice Fiend gestures at you. The bolt of cold misses you.
As you read the scroll of teleportation, it crumbles to dust.
You feel strangely unstable.
You feel the Orb delaying your translocation!
Your surroundings suddenly seem different.
There is an open door here.
There is a huge open gate here.
A sun demon comes into view.
There is an open gate here.
There is a staircase leading out of the dungeon here.
You have escaped!

#..............'......
#..............#######
########.########............
#........####################
#.######)................#...
#......................#.#.##
#...........4..........#.#.#.
#...#################.(#.#.#.
#...#≈≈≈≈≈≈§@≈§≈≈≈§≈#..#.#.#.
#...#≈≈≈§≈§§§§≈≈≈≈≈≈#..#.#'#.
#...#≈≈≈≈......3≈≈§≈#..#.....
#...#≈§§..........§§#..#.....
#...#§§§..........§§#........
#...#§§............≈#........
#...###..8.###.8..###..#....#
#...#o#...........#o#.......#
#...#######'''#######.......'


You could see a sun demon (wandering), an ice devil and 2 orcs.

Vanquished Creatures
  4 ancient liches (Zot:5)
  6 orbs of fire (Zot:5)
  Mennas (Vaults:2)
  Mara (Shoals:4)
  Sojobo (Depths:1)
  Saint Roka (Depths:1)
  Xtahua (Vaults:3)
  2 caustic shrikes
  3 Killer Klowns (Zot:5)
  A caustic shrike (shapeshifter) (Depths:4)
  7 golden dragons
  Jory (Vaults:3)
  A bone dragon (Depths:5)
  Jorgrun (Depths:1)
  4 electric golems
  25 Orb Guardians (Zot:5)
  An Ice Fiend (Zot:5)
  3 liches
  11 tentacled monstrosities
  5 quicksilver dragons
  A deep elf master archer (Depths:4)
  2 titans
  3 krakens
  6 death cobs
  Kirke (Lair:4)
  Gastronok (D:11)
  7 sphinxes
  10 storm dragons
  10 tengu reavers
  Donald (Elf:3)
  3 draconian monks
  A storm dragon (shapeshifter) (Depths:4)
  5 shadow dragons
  Ilsuiw (Shoals:4)
  An iron dragon (shapeshifter) (Depths:4)
  2 iron dragons
  3 draconian knights
  16 frost giants
  13 deep elf sorcerers
  9 ghost moths
  8 fire giants
  A cacodemon (D:9)
  5 draconian zealots
  6 emperor scorpions
  Aizul (Shoals:1)
  2 draconian scorchers
  10 vault wardens
  A ghost moth (shapeshifter) (Vaults:3)
  A balrug (Depths:5)
  A spriggan defender (Depths:3)
  6 deep elf elementalists (Elf:3)
  3 draconian shifters
  An angel (Zot:5)
  9 ironheart preservers
  A reaper (Abyss:3)
  20 stone giants
  9 very ugly things
  2 draconian callers
  2 draconian annihilators
  6 entropy weavers
  3 war gargoyles
  5 green draconians
  A vampire knight (Depths:5)
  9 deep elf demonologists (Elf:3)
  8 black draconians
  8 yellow draconians
  11 deep elf annihilators
  An orange crystal statue (WizLab)
  3 purple draconians
  8 spark wasps
  3 mottled draconians
  The ghost of sveltemanboy the Impaler, a journeyman MfIE of Ashenzari (Lair:1)
  3 white draconians
  2 red draconians
  A lorocyproca (Depths:1)
  5 dire elephants (Lair:6)
  7 ettins
  5 deep elf death magi
  3 blizzard demons
  14 merfolk javelineers
  A crystal guardian (Depths:4)
  A green death (Depths:3)
  13 merfolk impalers
  Snorg (D:12)
  8 fire dragons
  8 great orbs of eyes
  3 deep elf high priests (Elf:3)
  A juggernaut simulacrum (Depths:4)
  6 yaktaur captains
  8 vault guards
  Harold (D:11)
  5 rakshasas
  6 ice dragons
  3 spriggan air magi
  2 catoblepae
  6 hydras
  An anaconda (Lair:6)
  2 death knights
  6 merfolk avatars
  20 dancing weapons
  A merfolk aquamancer (Shoals:3)
  11 death yaks
  The ghost of Haldmier the Martial Artist, a journeyman OpTm of Kikubaaqudgha (Lair:1)
  A satyr (Shoals:4)
  5 centaur warriors
  8 ogre magi
  14 deep troll earth magi
  8 deep troll shamans
  The ghost of Philosophy the Cruncher, a novice FoFi of Okawaru (D:9)
  4 tengu warriors
  A shock serpent (Depths:4)
  4 hell knights
  A shock serpent (shapeshifter) (Vaults:3)
  A fire crab (Lair:6)
  5 spriggan berserkers
  4 sun demons
  6 iron trolls
  12 deep elf knights
  A sixfirhy (D:9)
  A golden dragon zombie (Depths:3)
  11 sea snakes
  A fire crab (shapeshifter) (Depths:5)
  3 salamander mystics (Depths:1)
  5 skeletal warriors
  A glowing orange brain (shapeshifter) (Depths:3)
  30 deep trolls
  3 flayed ghosts
  3 wizards
  2 glowing orange brains (Vaults:3)
  13 deep elf archers
  An unseen horror (D:15)
  A swamp dragon (shapeshifter) (Depths:4)
  9 hill giants
  8 ironbrand convokers
  A lindwurm (Lair:3)
  A golden dragon skeleton (Depths:3)
  An orb spider (shapeshifter) (Depths:3)
  A phantasmal warrior (Vaults:2)
  17 orc knights
  An anaconda skeleton (Abyss:3)
  4 large abominations
  18 harpies
  4 fauns (Shoals:4)
  A necromancer (Depths:1)
  6 cyclopes
  60 deep elf magi
  19 orb spiders
  A fire giant zombie (Depths:3)
  30 ugly things
  A mana viper (Depths:4)
  36 wolf spiders
  A shining eye (shapeshifter) (Depths:5)
  2 salamanders (shapeshifter) (Depths:2)
  2 orc sorcerers
  2 black mambas
  4 elephants (Lair:6)
  24 moths of wrath
  An elephant (shapeshifter) (Depths:3)
  17 manticores
  9 salamanders
  3 centaur zombies (D:14)
  2 naga magi (Depths:4)
  A guardian serpent (shapeshifter) (Vaults:4)
  An ice statue (IceCv)
  Psyche (D:8)
  5 smoke demons
  5 water nymphs
  2 rust devils
  A torpor snail (Spider:3)
  6 sirens
  4 spiny frogs
  A yaktaur (shapeshifter) (Depths:3)
  12 vault sentinels
  A gargoyle (D:15)
  A spiny frog (shapeshifter) (Vaults:4)
  14 demonic crawlers
  10 komodo dragons
  A kobold demonologist (D:14)
  A freezing wraith (Vaults:2)
  A hellwing (Depths:3)
  2 komodo dragons (shapeshifter)
  An elf (Vaults:3)
  A spriggan skeleton (Depths:3)
  4 rime drakes
  13 trolls
  25 yaktaurs
  A queen bee (D:8)
  5 red devils
  An ice devil (Depths:3)
  2 merfolk (shapeshifter)
  3 tengu conjurers
  36 jumping spiders
  A jumping spider (shapeshifter) (Depths:3)
  A meliai (shapeshifter) (Depths:3)
  30 merfolk
  15 polar bears
  A troll (shapeshifter) (Depths:3)
  9 wind drakes
  19 hornets
  A two-headed ogre (shapeshifter) (Vaults:2)
  13 hippogriffs
  10 raiju
  Grinder (D:5)
  22 two-headed ogres
  9 snapping turtles
  5 dream sheep
  A blink frog (shapeshifter) (Depths:3)
  19 slime creatures
  7 blink frogs
  Sigmund (D:5)
  74 redbacks
  2 redbacks (shapeshifter)
  13 spriggans
  A wraith (Vaults:1)
  7 air elementals
  2 vampires
  A shadow (D:14)
  2 spriggans (shapeshifter)
  24 tarantellas
  5 ynoxinuls
  17 water elementals
  62 yaks
  4 hogs (Lair:4)
  4 wyverns
  6 fire bats (Depths:1)
  4 basilisks
  2 fire elementals
  A hog (shapeshifter) (Depths:2)
  A hungry ghost (D:14)
  3 mottled dragons
  A yaktaur simulacrum (Vaults:3)
  14 vampire mosquitoes
  A swamp worm (shapeshifter) (Depths:5)
  4 soldier ants (shapeshifter)
  12 swamp worms (Spider:3)
  4 wargs
  6 water moccasins
  A floating eye (Depths:3)
  A porcupine (shapeshifter) (Depths:4)
  5 small abominations
  A floating eye (shapeshifter) (Vaults:4)
  56 orc warriors
  10 porcupines
  Duvessa (D:4)
  A black bear (Lair:2)
  A manticore zombie (Abyss:3)
  3 phantoms
  2 necrophages
  An eye of draining (D:8)
  4 ice beasts
  2 sky beasts
  A hornet zombie (D:15)
  42 ogres
  29 wolves
  13 boggarts
  10 centaurs
  A crocodile (shapeshifter) (Depths:3)
  14 crocodiles
  7 big kobolds
  19 bullfrogs
  An ogre simulacrum (Vaults:1)
  5 earth elementals
  A gnoll sergeant (D:7)
  Dowan (D:4)
  A water moccasin zombie (D:6)
  4 scorpions
  A wyvern skeleton (D:14)
  31 killer bees
  9 wights
  4 electric eels
  8 crimson imps
  3 howler monkeys (D:8)
  7 bullfrog zombies
  A quasit (D:10)
  8 starcursed masses (Abyss:3)
  3 hounds
  2 bullfrog skeletons
  15 orc priests
  6 centaur skeletons
  5 gnoll shamans (D:13)
  An iron imp (Abyss:3)
  A jelly (D:7)
  32 orc wizards
  6 iguanas
  Terence (D:2)
  3 lightning spires (Abyss:3)
  9 worker ants
  A killer bee zombie (D:6)
  2 hound skeletons
  A worker ant zombie (D:9)
  Robin (D:2)
  15 gnolls
  13 adders
  A shadow imp (D:11)
  An ooze (D:3)
  3 adder skeletons
  13 worms
  A dart slug (D:1)
  4 leopard geckos
  131 orcs
  2 ball pythons
  5 giant cockroaches
  21 goblins
  11 hobgoblins
  19 jackals
  10 quokkas
  6 bats
  5 frilled lizards
  48 kobolds
  3 quokka skeletons
  2 quokka zombies (D:6)
  6 rats
  2 fungi (D:13)
  3 plants (Lair:6)
  3 tentacles
2255 creatures vanquished.

Vanquished Creatures (collateral kills)
  2 ancient liches (Zot:5)
  A Killer Klown (Zot:5)
  A golden dragon (Zot:4)
  A Tzitzimitl (Zot:5)
  A tentacled monstrosity (Zot:2)
  A deep elf master archer (Elf:3)
  A tengu reaver (Vaults:2)
  A shadow dragon (Zot:4)
  A storm dragon (Depths:4)
  A frost giant (Depths:1)
  A draconian zealot (Zot:2)
  A draconian annihilator (Zot:2)
  2 ironheart preservers
  2 red draconians (Zot:2)
  2 mottled draconians (Zot:2)
  2 yellow draconians
  A merfolk impaler (Shoals:4)
  A vault guard (Vaults:3)
  A merfolk aquamancer (Shoals:4)
  A death knight (Vaults:2)
  A deep troll (Depths:1)
  2 ironbrand convokers (Vaults:1)
  A wizard (Vaults:2)
  An orc knight (Vaults:1)
  A phantasmal warrior (Vaults:2)
  A cyclops (Vaults:1)
  2 sirens (Shoals:4)
  2 storm dragon simulacra (Depths:1)
  2 merfolk (Shoals:4)
  A blink frog (Abyss:3)
  A small abomination (Abyss:3)
  An orc warrior (Vaults:2)
  A spriggan simulacrum (Depths:1)
42 creatures vanquished.

Vanquished Creatures (others)
  3 deep elf master archers (Elf:3)
  A storm dragon (Zot:3)
  A stone giant (Vaults:3)
  A yaktaur captain (Depths:3)
  A centaur warrior (Depths:1)
  A sea snake (Shoals:4)
  A salamander (Depths:1)
  3 moths of wrath (Zot:5)
  A demonic crawler (Spider:4)
  4 yaktaurs (Depths:3)
  A human (Lair:4)
  A centaur (Shoals:4)
  An ufetubus (Zot:5)
  A bush (Lair:3)
  18 fungi
  28 plants
  23 tentacles
90 creatures vanquished.

Grand Total: 2387 creatures vanquished

Notes
Turn   | Place    | Note
-------+----------+-------------------------------------------
     0 | D:1      | Tiuover the Octopode Fighter began the quest for the Orb.
     0 | D:1      | Reached XP level 1. HP: 16/16 MP: 1/1
   109 | D:1      | Reached XP level 2. HP: 21/21 MP: 2/2
   408 | D:1      | Found a shattered altar of Ashenzari.
   632 | D:2      | Reached XP level 3. HP: 19/26 MP: 3/3
   942 | D:2      | Noticed Terence
   954 | D:2      | Killed Terence
   954 | D:2      | Reached XP level 4. HP: 32/32 MP: 4/4
   990 | D:2      | Found a radiant altar of Vehumet.
  1064 | D:2      | Found an opulent altar of Gozag.
  1068 | D:2      | Found a shimmering altar of Xom.
  1085 | D:2      | Found a deep blue altar of Sif Muna.
  1407 | D:2      | Reached XP level 5. HP: 29/37 MP: 5/5
  1427 | D:2      | Noticed Robin
  1448 | D:2      | Killed Robin
  1448 | D:2      | Reached skill level 1 in Stealth
  2721 | D:3      | Found a burning altar of Makhleb.
  2722 | D:3      | Found a shadowy altar of Dithmenos.
  2738 | D:3      | Became a worshipper of Dithmenos the Shadowed
  2803 | D:4      | Found a sacrificial altar of Ru.
  2807 | D:4      | Reached XP level 6. HP: 43/43 MP: 6/6
  2900 | D:5      | Entered Level 5 of the Dungeon
  2956 | D:5      | Found a staircase to the Ecumenical Temple.
  3001 | D:4      | Reached skill level 5 in Long Blades
  3027 | D:4      | Reached * piety under Dithmenos
  3266 | D:4      | Reached XP level 7. HP: 47/47 MP: 7/7
  3373 | D:4      | Noticed Duvessa
  3385 | D:4      | Killed Duvessa
  3402 | D:4      | Noticed Dowan
  3424 | D:4      | Killed Dowan
  3590 | D:4      | Reached ** piety under Dithmenos
  3594 | D:4      | Reached XP level 8. HP: 54/54 MP: 8/8
  3909 | D:5      | Learned a level 1 spell: Apportation
  3917 | D:5      | Noticed Grinder
  3919 | D:5      | Paralysed by Grinder for 7 turns
  3938 | D:5      | Killed Grinder
  4120 | D:5      | Found a sparkling altar of Nemelex Xobeh.
  4393 | D:5      | Noticed Sigmund
  4488 | D:6      | Reached skill level 2 in Stealth
  4569 | D:6      | Reached skill level 10 in Long Blades
  4581 | D:6      | Found Bethudde's Gadget Boutique.
  4627 | D:6      | Reached skill level 3 in Stealth
  4677 | D:6      | Reached XP level 9. HP: 53/58 MP: 9/9
  4833 | D:6      | Learned a level 2 spell: Blink
  4836 | D:6      | Learned a level 2 spell: Repel Missiles
  5223 | D:6      | Gained mutation: Your spells are a little easier to cast, but a little less powerful. [potion of mutation]
  5223 | D:6      | Gained mutation: Your magical capacity is low. (-10% MP) [potion of mutation]
  5223 | D:6      | Gained mutation: Your system is resistant to poisons. (rPois) [potion of mutation]
  5244 | D:6      | Reached skill level 4 in Stealth
  5460 | D:7      | Reached *** piety under Dithmenos
  5543 | D:7      | Found a basalt altar of Yredelemnul.
  5844 | D:7      | Reached skill level 5 in Fighting
  5905 | D:7      | Found a basalt altar of Yredelemnul.
  6304 | D:5      | Found an ancient bone altar of Kikubaaqudgha.
  6438 | D:5      | Killed Sigmund
  6505 | D:5      | Reached XP level 10. HP: 68/68 MP: 9/9
  6545 | D:5      | Found Oceroosu's Armour Shop.
  7030 | D:8      | Found a stormy altar of Qazlal.
  7093 | D:8      | Noticed Psyche
  7102 | D:8      | Killed Psyche
  7102 | D:8      | Reached **** piety under Dithmenos
  7338 | D:8      | Found Rosivywk's Food Boutique.
  7351 | D:8      | Found a staircase to the Lair.
  7631 | D:8      | Gained mutation: Your body sometimes deteriorates upon taking damage. [mutagenic meat]
  7632 | D:8      | Gained mutation: You are resistant to hostile enchantments. (MR+) [mutagenic meat]
  7633 | D:8      | Gained mutation: Your flesh is heat resistant. (rF+) [mutagenic meat]
  7634 | D:8      | Gained mutation: Your flesh is cold resistant. (rC+) [mutagenic meat]
  7843 | D:8      | Identified the Papyrus of the Glacier and Unholy Rituals
  8230 | D:9      | Reached ***** piety under Dithmenos
  8282 | D:9      | Noticed Philosophy's ghost (novice FoFi)
  8297 | D:9      | Killed Philosophy's ghost
  8297 | D:9      | Reached skill level 5 in Dodging
  8348 | D:9      | Found Daijit's Book Shoppe.
  8352 | D:9      | Found Cibrulue's Assorted Antiques.
  8360 | D:9      | Bought a scroll of magic mapping for 77 gold pieces
  8360 | D:9      | Bought a scroll of identify for 44 gold pieces
  8482 | D:9      | Reached XP level 11. HP: 53/75 MP: 9/9
  8807 | D:10     | Entered Level 10 of the Dungeon
  8831 | D:10     | Noticed a hill giant
  8895 | Lair:1   | Entered Level 1 of the Lair of Beasts
  8927 | Lair:1   | Noticed Haldmier's ghost (journeyman OpTm)
  9245 | Lair:1   | Reached skill level 5 in Stealth
  9272 | Lair:1   | Noticed sveltemanboy's ghost (journeyman MfIE)
  9478 | Lair:1   | Killed Haldmier's ghost
  9526 | Lair:1   | Reached skill level 6 in Stealth
  9741 | Lair:2   | Gained mutation: You have very sharp teeth. [potion of mutation]
 10050 | Lair:2   | Reached skill level 7 in Stealth
 10139 | Lair:2   | Reached skill level 1 in Invocations
 10617 | Lair:2   | Reached skill level 8 in Stealth
 10809 | Lair:3   | Found a hole to the Spider Nest.
 10986 | Lair:3   | Noticed a lindwurm
 11051 | Lair:3   | Killed a lindwurm
 11051 | Lair:3   | Reached skill level 9 in Stealth
 11131 | Lair:3   | Reached XP level 12. HP: 47/82 MP: 12/12
 11236 | Lair:3   | Noticed a seven-headed hydra
 11286 | Lair:3   | Noticed a spriggan rider
 11303 | Lair:3   | Killed a spriggan rider
 11336 | Lair:3   | Reached skill level 5 in Shields
 11784 | Lair:3   | Noticed a spriggan rider
 11839 | Lair:3   | Noticed a spriggan rider
 12011 | Lair:3   | Killed a spriggan rider
 12370 | Lair:3   | Reached ****** piety under Dithmenos
 12436 | Lair:3   | Reached skill level 10 in Fighting
 12582 | Lair:4   | Noticed a six-headed hydra
 12594 | Lair:3   | Identified a scroll of acquirement
 12597 | Lair:3   | Got a shimmering shield
 12608 | Lair:3   | Identified the +1 shield "Hessicry" {rC+ Int+2} (You acquired it on level 3 of the Lair of Beasts)
 12783 | Lair:4   | Gained mutation: You are frail. (-10% HP) [potion of mutation]
 12783 | Lair:4   | Gained mutation: You tend to lose your temper in combat. [potion of mutation]
 12784 | Lair:4   | Lost mutation: Your magical capacity is low. (-10% MP) [potion of mutation]
 12784 | Lair:4   | Gained mutation: You are dopey. (Int -2) [potion of mutation]
 12794 | Lair:4   | Noticed Kirke
 12808 | Lair:4   | Reached skill level 1 in Air Magic
 12834 | Lair:4   | Killed Kirke
 12834 | Lair:4   | Reached skill level 1 in Charms
 12834 | Lair:4   | Reached skill level 1 in Translocations
 12834 | Lair:4   | Reached XP level 13. HP: 72/82 MP: 14/14
 13280 | Lair:4   | Found a staircase to the Shoals.
 13662 | Lair:6   | Entered Level 6 of the Lair of Beasts
 13666 | Lair:6   | Found a frozen archway.
 13711 | Lair:6   | Found a staircase to the Slime Pits.
 13760 | IceCv    | Entered an ice cave
 14050 | IceCv    | Reached skill level 10 in Dodging
 14708 | IceCv    | Noticed a frost giant
 14809 | IceCv    | Killed a frost giant
 15135 | Lair:6   | Found a viscous altar of Jiyva.
 15438 | Lair:5   | Reached XP level 14. HP: 91/91 MP: 15/15
 16297 | D:10     | Reached skill level 1 in Evocations
 17002 | D:10     | Found a shattered altar of Ashenzari.
 17522 | D:11     | Noticed Gastronok
 17529 | D:11     | Killed Gastronok
 17529 | D:11     | Reached skill level 5 in Evocations
 17679 | D:11     | Noticed Harold
 17746 | D:11     | Killed Harold
 18284 | D:12     | Noticed Snorg
 18287 | D:12     | Found a staircase to the Orcish Mines.
 18290 | D:12     | Killed Snorg
 18336 | D:12     | Found a portal to a secret trove of treasure.
 19459 | D:13     | Found a flagged portal.
 19487 | Bailey   | Entered a bailey
 19759 | Bailey   | Found a roughly hewn altar of Beogh.
 20387 | D:13     | Found a shimmering altar of Xom.
 20651 | D:13     | Identified the Handbook of Burning Enhancements
 20675 | D:13     | Learned a level 2 spell: Shroud of Golubria
 20684 | D:13     | Learned a level 2 spell: Song of Slaying
 20754 | D:13     | Lost mutation: You are frail. (-10% HP) [potion of cure mutation]
 20754 | D:13     | Lost mutation: Your body sometimes deteriorates upon taking damage. [potion of cure mutation]
 20754 | D:13     | Lost mutation: You are dopey. (Int -2) [potion of cure mutation]
 20754 | D:13     | Lost mutation: Your system is resistant to poisons. (rPois) [potion of cure mutation]
 20754 | D:13     | Lost mutation: You tend to lose your temper in combat. [potion of cure mutation]
 20775 | D:14     | Reached XP level 15. HP: 109/109 MP: 21/21
 21046 | D:14     | Found Soygets's Food Emporium.
 21112 | D:14     | Reached skill level 10 in Shields
 21264 | D:14     | Reached skill level 10 in Stealth
 21287 | D:14     | Found a gate to the Vaults.
 21582 | D:14     | Gained mutation: You are partially covered in yellow scales. (AC +2) [potion of mutation]
 21582 | D:14     | Lost mutation: Your spells are a little easier to cast, but a little less powerful. [potion of mutation]
 21582 | D:14     | Gained mutation: You are clumsy. (Dex -2) [potion of mutation]
 21737 | D:14     | Found a blossoming altar of Fedhas.
 21942 | D:15     | Entered Level 15 of the Dungeon
 21979 | D:15     | Noticed Roxanne
 21997 | D:15     | Reached skill level 11 in Stealth
 22122 | Orc:1    | Entered Level 1 of the Orcish Mines
 22280 | Orc:1    | Found Duipitz's Antique Weapon Boutique.
 22505 | Orc:2    | Entered Level 2 of the Orcish Mines
 22505 | Orc:2    | Found a staircase to the Elven Halls.
 22800 | Orc:2    | Reached skill level 12 in Stealth
 22890 | Orc:2    | Learned a level 3 spell: Regeneration
 22958 | Orc:2    | Found Ucliexyr's General Store.
 22960 | Orc:2    | Found Payz's Food Shop.
 22962 | Orc:2    | Found Jeor's Antique Weapon Shoppe.
 22989 | Orc:2    | Found Bociav's Food Boutique.
 23033 | Orc:2    | Reached skill level 1 in Necromancy
 23236 | Orc:2    | Reached skill level 10 in Evocations
 23679 | Orc:2    | Found Lutzuysu's Gadget Shoppe.
 24176 | Elf:1    | Entered Level 1 of the Elven Halls
 24402 | Lair:1   | Killed sveltemanboy's ghost
 25022 | Lair:5   | Reached skill level 1 in Spellcasting
 25089 | Lair:5   | Reached XP level 16. HP: 33/116 MP: 21/23
 27022 | Shoals:1 | Entered Level 1 of the Shoals
 27113 | Shoals:1 | Reached skill level 13 in Stealth
 27203 | Shoals:1 | Noticed Aizul
 27208 | Shoals:1 | Killed Aizul
 27329 | Shoals:1 | Noticed a kraken
 27371 | Shoals:1 | Reached skill level 14 in Stealth
 29073 | D:15     | Found a staircase to the Depths.
 30605 | Elf:2    | Found a deep blue altar of Sif Muna.
 30698 | Elf:2    | Found a runed gate.
 30699 | Elf:2    | Found a runed gate.
 30704 | Elf:2    | Reached XP level 17. HP: 122/122 MP: 24/24
 30711 | Elf:2    | Found a runed gate.
 30724 | Elf:2    | Got a steaming scimitar
 30729 | Elf:2    | Identified the cursed +1 scimitar of Noon {flame, +Blink rC+} (You found it on level 2 of the Elven Halls)
 31121 | Elf:3    | Entered Level 3 of the Elven Halls
 31367 | Elf:3    | Noticed a Hell Sentinel
 31456 | Elf:3    | Noticed a deep elf master archer
 31730 | Elf:3    | HP: 1/123 [deep elf master archer/arrow (39)]
 32384 | Elf:2    | Noticed a deep elf blademaster
 32905 | Elf:3    | Gained mutation: You regenerate slowly when monsters are visible. [a cacodemon]
 32987 | Elf:3    | Killed a deep elf master archer
 33189 | Elf:3    | Noticed Donald
 33335 | Elf:3    | Killed Donald
 33346 | Elf:3    | Noticed a Tzitzimitl
 33413 | Elf:3    | Reached XP level 18. HP: 105/132 MP: 25/25
 33810 | Elf:3    | Reached skill level 5 in Charms
 33870 | Elf:3    | Noticed a deep elf master archer
 33936 | Elf:3    | Killed a deep elf master archer
 33997 | Elf:3    | Noticed a deep elf master archer
 34003 | Elf:3    | Killed a deep elf master archer
 34023 | Elf:3    | Reached skill level 5 in Necromancy
 34373 | Elf:3    | Noticed a deep elf master archer
 34390 | Elf:3    | Killed a deep elf master archer
 34494 | Elf:3    | Reached skill level 15 in Stealth
 34606 | Elf:3    | Got a twitching bone ring
 34981 | Elf:3    | Identified the ring of Eternity {Fire -Tele rPois rN+} (You took it off a deep elf knight on level 3 of the Elven Halls)
 35237 | Elf:3    | Reached skill level 16 in Stealth
 35258 | Elf:3    | Noticed a Brimstone Fiend
 35553 | Elf:3    | Identified the Catalogue of Aerial Creation
 35572 | Elf:3    | Learned a level 1 spell: Summon Butterflies
 35647 | Elf:3    | Got a dazzling hand crossbow
 35823 | Orc:2    | Bought a scroll of identify for 24 gold pieces
 35823 | Orc:2    | Bought a scroll of remove curse for 36 gold pieces
 35823 | Orc:2    | Bought a disc of storms for 240 gold pieces
 35823 | Orc:2    | Bought a potion of heal wounds for 60 gold pieces
 35823 | Orc:2    | Bought a potion of curing for 36 gold pieces
 35823 | Orc:2    | Bought a potion of curing for 36 gold pieces
 35836 | Orc:2    | Identified the +6 hand crossbow of the Elven Halls {penet, Str-3 Int+8} (You found it on level 3 of the Elven Halls)
 36403 | Shoals:1 | Reached skill level 17 in Stealth
 36864 | Shoals:2 | Found Tuleshydgh's Tempting Trifles.
 36874 | Shoals:2 | Bought a scroll of teleportation for 45 gold pieces
 36902 | Shoals:2 | Found Uliabeimer's Antique Weapon Shop.
 36909 | Shoals:2 | Reached skill level 18 in Stealth
 36968 | Shoals:2 | Identified a +5 rod of shadows (11/11) (You took it off a deep elf knight on level 3 of the Elven Halls)
 37909 | Shoals:3 | Reached skill level 19 in Stealth
 37910 | Shoals:3 | Found Buc Kei's Island Escapes.
 38021 | Shoals:3 | Bought a scroll of fog for 24 gold pieces
 38021 | Shoals:3 | Bought a scroll of blinking for 90 gold pieces
 38327 | Shoals:3 | Reached skill level 20 in Stealth
 38588 | Shoals:4 | Entered Level 4 of the Shoals
 38633 | Shoals:4 | Reached XP level 19. HP: 137/137 MP: 26/26
 38679 | Shoals:4 | Reached skill level 21 in Stealth
 39164 | Shoals:4 | Reached skill level 22 in Stealth
 39257 | Shoals:4 | Noticed Ilsuiw
 39326 | Shoals:4 | Noticed Mara
 39331 | Shoals:4 | Killed Mara
 39331 | Shoals:4 | Reached skill level 23 in Stealth
 39350 | Shoals:4 | Found Wequ's Distillery.
 39362 | Shoals:4 | Bought a potion of heal wounds for 90 gold pieces
 39362 | Shoals:4 | Bought a potion of mutation for 45 gold pieces
 39371 | Shoals:4 | Gained mutation: You evolve. [potion of mutation]
 39371 | Shoals:4 | Lost mutation: You evolve. [potion of mutation]
 39371 | Shoals:4 | Gained mutation: You passively map a small area around you. [potion of mutation]
 39740 | Shoals:4 | Got a barnacled rune of Zot
 40035 | Spider:1 | Entered Level 1 of the Spider Nest
 40146 | Spider:1 | Reached skill level 15 in Dodging
 41989 | Shoals:3 | Bought a potion of invisibility for 96 gold pieces
 42169 | Spider:2 | Reached skill level 15 in Fighting
 42565 | Spider:4 | Entered Level 4 of the Spider Nest
 43307 | Vaults:1 | Entered Level 1 of the Vaults
 43402 | Vaults:1 | Reached XP level 20. HP: 145/145 MP: 27/27
 43800 | Vaults:1 | Reached skill level 15 in Shields
 44330 | Vaults:1 | Gained mutation: Your mind is acute. (Int +2) [potion of mutation]
 44330 | Vaults:1 | Gained mutation: Your mind is very acute. (Int +4) [potion of mutation]
 45040 | Vaults:2 | Noticed Mennas
 45067 | Vaults:2 | Killed Mennas
 45649 | Vaults:2 | Found Wimoih's Book Shop.
 45749 | Vaults:2 | Reached skill level 1 in Summonings
 46009 | Vaults:2 | Gained mutation: You are occasionally teleported next to monsters. [mutagenic meat]
 46010 | Vaults:2 | Gained mutation: One of your tentacles bears a spike. [mutagenic meat]
 46011 | Vaults:2 | Lost mutation: Your flesh is cold resistant. (rC+) [mutagenic meat]
 46013 | Vaults:2 | Lost mutation: You passively map a small area around you. [mutagenic meat]
 46014 | Vaults:2 | Lost mutation: You are clumsy. (Dex -2) [mutagenic meat]
 46570 | Vaults:3 | Gained mutation: You tend to lose your temper in combat. [mutagenic meat]
 46571 | Vaults:3 | Lost mutation: One of your tentacles bears a spike. [mutagenic meat]
 46574 | Vaults:3 | Lost mutation: You regenerate slowly when monsters are visible. [mutagenic meat]
 46884 | Vaults:3 | Reached XP level 21. HP: 151/151 MP: 29/29
 46972 | Vaults:3 | Noticed Jory
 47016 | Vaults:3 | Killed Jory
 47332 | Vaults:3 | Noticed Xtahua
 47447 | Vaults:3 | Lost mutation: Your mind is very acute. (Int +4) [mutagenic meat]
 47449 | Vaults:3 | Gained mutation: You passively map a small area around you. [mutagenic meat]
 47450 | Vaults:3 | Lost mutation: You tend to lose your temper in combat. [mutagenic meat]
 47600 | Vaults:3 | Killed Xtahua
 47970 | Vaults:3 | Found a staircase to the Crypt.
 47970 | Vaults:3 | Found a basalt altar of Yredelemnul.
 47971 | Vaults:3 | Found an ancient bone altar of Kikubaaqudgha.
 48402 | Vaults:4 | Gained mutation: You are agile. (Dex +2) [mutagenic meat]
 48404 | Vaults:4 | Gained mutation: Your spells are a little easier to cast, but a little less powerful. [mutagenic meat]
 48405 | Vaults:4 | Lost mutation: You passively map a small area around you. [mutagenic meat]
 48593 | Vaults:4 | Gained mutation: You evolve. [potion of beneficial mutation]
 49074 | Vaults:4 | Reached skill level 15 in Evocations
 49222 | Vaults:4 | Lost mutation: Your flesh is heat resistant. (rF+) [mutagenic meat]
 50427 | Spider:1 | Gained mutation: Your flesh is cold resistant. (rC+) [mutagenic meat]
 50428 | Spider:1 | Lost mutation: You evolve. [mutagenic meat]
 50430 | Spider:1 | Lost mutation: Your mind is acute. (Int +2) [mutagenic meat]
 50431 | Spider:1 | Gained mutation: Your magical capacity is low. (-10% MP) [mutagenic meat]
 50433 | Spider:1 | Lost mutation: Your magical capacity is low. (-10% MP) [potion of cure mutation]
 50433 | Spider:1 | Lost mutation: Your spells are a little easier to cast, but a little less powerful. [potion of cure mutation]
 50433 | Spider:1 | Lost mutation: You are occasionally teleported next to monsters. [potion of cure mutation]
 50433 | Spider:1 | Lost mutation: You are agile. (Dex +2) [potion of cure mutation]
 50433 | Spider:1 | Lost mutation: You are resistant to hostile enchantments. (MR+) [potion of cure mutation]
 50553 | Spider:2 | Reached XP level 22. HP: 157/157 MP: 31/34
 50635 | Spider:2 | Noticed Arachne
 50747 | Spider:3 | Gained mutation: You passively map a small area around you. [mutagenic meat]
 50748 | Spider:3 | Gained mutation: You have a pair of small antennae on your head. [mutagenic meat]
 50749 | Spider:3 | Lost mutation: Your flesh is cold resistant. (rC+) [mutagenic meat]
 50750 | Spider:3 | Gained mutation: One of your tentacles bears a spike. [mutagenic meat]
 50751 | Spider:3 | Gained mutation: You expend magic power (3 MP) to strengthen your wands. [mutagenic meat]
 52416 | Spider:4 | Gained mutation: Your spells are a little easier to cast, but a little less powerful. [mutagenic meat]
 52417 | Spider:4 | Gained mutation: You are covered in fur. (AC +1) [mutagenic meat]
 52622 | Spider:4 | Got a gossamer rune of Zot
 52628 | Spider:4 | Gained mutation: You are agile. (Dex +2) [mutagenic meat]
 53101 | Depths:1 | Entered Level 1 of the Depths
 53149 | Depths:1 | Found a gateway to Hell.
 53169 | Depths:1 | Found a runed door.
 53254 | Depths:1 | Gained mutation: You evolve. [mutagenic meat]
 53256 | Depths:1 | Gained mutation: You are frail. (-10% HP) [mutagenic meat]
 53304 | Depths:1 | Noticed Sojobo
 53323 | Depths:1 | Found Owkauvun's Food Shoppe.
 53464 | Depths:1 | Noticed Saint Roka
 53508 | Depths:1 | Killed Saint Roka
 54129 | Depths:1 | Gained mutation: You rapidly evolve. [mutagenic meat]
 54130 | Depths:1 | Lost mutation: You have a pair of small antennae on your head. [mutagenic meat]
 54131 | Depths:1 | Lost mutation: You are agile. (Dex +2) [mutagenic meat]
 54132 | Depths:1 | Gained mutation: One of your tentacles bears a nasty spike. [mutagenic meat]
 54133 | Depths:1 | Gained mutation: Your body sometimes deteriorates upon taking damage. [mutagenic meat]
 54135 | Depths:1 | Lost mutation: Your spells are a little easier to cast, but a little less powerful. [mutagenic meat]
 54137 | Depths:1 | Gained mutation: You are clumsy. (Dex -2) [mutagenic meat]
 54139 | Depths:1 | Lost mutation: You are frail. (-10% HP) [mutagenic meat]
 54365 | Depths:1 | Gained mutation: You possess an exceptional clarity of mind. [potion of beneficial mutation]
 54366 | Depths:1 | Gained mutation: You have extremely sharp teeth. [potion of beneficial mutation]
 54428 | Depths:1 | Reached XP level 23. HP: 84/162 MP: 36/36
 54666 | Depths:1 | Found Qewk's Gadget Shop.
 54666 | Depths:1 | Found Daghuol's Jewellery Emporium.
 54667 | Depths:1 | Noticed Jorgrun
 54680 | Depths:1 | Found Xuxoresch's Jewellery Emporium.
 54688 | Depths:1 | Killed Jorgrun
 55243 | Depths:1 | Lost mutation: You are clumsy. (Dex -2) [potion of cure mutation]
 55243 | Depths:1 | Lost mutation: One of your tentacles bears a nasty spike. [potion of cure mutation]
 55243 | Depths:1 | Lost mutation: You passively map a small area around you. [potion of cure mutation]
 55243 | Depths:1 | Lost mutation: You rapidly evolve. [potion of cure mutation]
 55243 | Depths:1 | Lost mutation: You expend magic power (3 MP) to strengthen your wands. [potion of cure mutation]
 55297 | Depths:2 | Gained mutation: Your mind is acute. (Int +2) [mutagenic meat]
 55302 | Depths:2 | Found Caddov's Weapon Shoppe.
 55495 | Depths:1 | Killed Sojobo
 56336 | Depths:4 | Noticed a caustic shrike
 56336 | Depths:4 | an iron dragon changed into a caustic shrike
 56339 | Depths:4 | Killed a caustic shrike
 56357 | Depths:4 | Gained mutation: Your mind is very acute. (Int +4) [mutagenic meat]
 56359 | Depths:4 | Lost mutation: Your mind is very acute. (Int +4) [mutagenic meat]
 56360 | Depths:4 | Gained mutation: Your mind is very acute. (Int +4) [mutagenic meat]
 56361 | Depths:4 | Gained mutation: You are partially covered in large bone plates. (SH +4) [mutagenic meat]
 56362 | Depths:4 | Gained mutation: Your muscles are strong. (Str +2) [mutagenic meat]
 56363 | Depths:4 | Gained mutation: You passively map a small area around you. [mutagenic meat]
 56581 | Depths:3 | Found a gateway to a ziggurat.
 56874 | Depths:3 | Reached skill level 5 in Spellcasting
 56875 | Depths:3 | Noticed a golden dragon
 56996 | Depths:3 | Killed a golden dragon
 57091 | Depths:3 | Gained mutation: Your magical capacity is low. (-10% MP) [mutagenic meat]
 57092 | Depths:3 | Lost mutation: Your body sometimes deteriorates upon taking damage. [mutagenic meat]
 57260 | Depths:3 | Noticed a caustic shrike
 57269 | Depths:3 | Killed a caustic shrike
 57297 | Depths:3 | Gained mutation: You are agile. (Dex +2) [mutagenic meat]
 57299 | Depths:3 | Lost mutation: Your mind is very acute. (Int +4) [mutagenic meat]
 57303 | Depths:3 | Lost mutation: Your magical capacity is low. (-10% MP) [mutagenic meat]
 57311 | Depths:3 | Lost mutation: You evolve. [mutagenic meat]
 57494 | Depths:3 | Got a faintly glowing rapier
 57501 | Depths:3 | Got a shimmering tin ring
 57508 | Depths:3 | Identified the ring "Hiqaek" {*Contam rN++ MR+ MP+9 Stlth+} (You found it on level 3 of the Depths)
 57520 | Depths:3 | Identified the +10 rapier "Gram" {pierce, rF+} (You found it on level 3 of the Depths)
 57601 | Depths:3 | Got a crude tin ring
 57604 | Depths:3 | Identified the ring "Esmul" {Ice rPois rN++ Str+3 Int-4} (You found it on level 3 of the Depths)
 58048 | Depths:3 | Found a one-way gate leading to the halls of Pandemonium.
 59180 | Depths:2 | Reached XP level 24. HP: 169/169 MP: 37/37
 59362 | Depths:2 | Noticed a caustic shrike
 59373 | Depths:2 | Killed a caustic shrike
 59716 | Depths:4 | Reached skill level 5 in Invocations
 60035 | Depths:3 | Got an ancient hand crossbow
 60037 | Depths:3 | Identified the +11 hand crossbow "Uguehepu" {penet, rPois} (You found it on level 3 of the Depths)
 60127 | Depths:4 | Reached skill level 1 in Crossbows
 60214 | Depths:4 | Found a one-way gate to the infinite horrors of the Abyss.
 60327 | Depths:4 | Reached skill level 5 in Crossbows
 60399 | Depths:4 | Got a pitted marble ring
 60401 | Depths:4 | Identified the ring "Isonnomu" {+Fly rPois rF+ MR+} (You found it on level 4 of the Depths)
 60783 | Depths:4 | Reached skill level 10 in Crossbows
 60984 | Depths:4 | Identified Sif Muna's Disquisition on Harmful Good Luck
 61107 | Depths:5 | Entered Level 5 of the Depths
 61232 | Depths:5 | Found a magical portal.
 61252 | WizLab   | Entered Wucad Mu's Monastery
 61643 | WizLab   | Learned a level 6 spell: Deflect Missiles
 61645 | WizLab   | Gained mutation: You are mostly covered in yellow scales. (AC +3) [potion of beneficial mutation]
 61662 | WizLab   | Reached XP level 25. HP: 175/175 MP: 37/37
 61847 | Depths:5 | Reached skill level 1 in Short Blades
 61937 | Depths:5 | Found a gate to the Realm of Zot.
 61998 | Depths:5 | Reached skill level 5 in Short Blades
 62191 | Depths:5 | Reached XP level 26. HP: 181/181 MP: 37/37
 62564 | Depths:4 | Voluntarily entered the Abyss.
 62749 | Abyss:2  | Found a corrupted altar of Lugonu.
 63688 | Abyss:3  | Got an abyssal rune of Zot
 63745 | Depths:4 | Escaped the Abyss
 63812 | Zot:1    | Entered Level 1 of the Realm of Zot
 64089 | Zot:1    | Reached skill level 10 in Short Blades
 65734 | Zot:3    | Reached XP level 27. HP: 112/189 MP: 37/37
 66262 | Zot:3    | Noticed Kite's ghost (legendary GrEE)
 66532 | Zot:3    | Reached skill level 24 in Stealth
 66850 | Zot:4    | Learned a level 2 spell: Swiftness
 66924 | Zot:5    | Entered Level 5 of the Realm of Zot
 67372 | Zot:5    | Reached skill level 25 in Stealth
 67443 | Zot:5    | Noticed an ancient lich
 67445 | Zot:5    | Killed an ancient lich
 67470 | Zot:5    | Noticed an ancient lich
 67470 | Zot:5    | Noticed an orb of fire
 67539 | Zot:5    | Noticed an orb of fire
 67571 | Zot:5    | Reached skill level 26 in Stealth
 67626 | Zot:5    | Noticed an ancient lich
 67651 | Zot:5    | Gained mutation: Scrolls take you a little longer to read. [an orb of fire]
 67665 | Zot:5    | Killed an orb of fire
 68529 | Zot:5    | Noticed an ancient lich
 68670 | Zot:5    | Killed an ancient lich
 68746 | Zot:3    | Reached skill level 27 in Stealth
 69371 | Shoals:4 | Killed Ilsuiw
 69389 | Shoals:4 | Bought a potion of agility for 72 gold pieces
 69389 | Shoals:4 | Bought a potion of might for 72 gold pieces
 70451 | Zot:5    | Noticed an ancient lich
 70463 | Zot:5    | Killed an ancient lich
 70473 | Zot:5    | Noticed an ancient lich
 70487 | Zot:5    | Killed an ancient lich
 70571 | Zot:5    | Noticed an orb of fire
 70573 | Zot:5    | Lost mutation: You possess an exceptional clarity of mind. [an orb of fire]
 70584 | Zot:5    | Killed an orb of fire
 70679 | Zot:5    | Noticed an orb of fire
 70716 | Zot:5    | Lost mutation: Your muscles are strong. (Str +2) [an orb of fire]
 70721 | Zot:5    | Killed an orb of fire
 70838 | Zot:5    | Noticed an orb of fire
 70852 | Zot:5    | Killed an ancient lich
 70861 | Zot:5    | Killed an orb of fire
 70924 | Zot:5    | Killed an ancient lich
 70949 | Zot:5    | Noticed an orb of fire
 70962 | Zot:5    | Gained mutation: You expend magic power (3 MP) to strengthen your wands. [an orb of fire]
 70974 | Zot:5    | Gained mutation: Potions and wands are less effective at restoring your health. [an orb of fire]
 70981 | Zot:5    | Killed an orb of fire
 71245 | Zot:5    | Noticed an orb of fire
 71246 | Zot:5    | Gained mutation: Your magical capacity is low. (-10% MP) [an orb of fire]
 71309 | Zot:5    | Got a brightly glowing glass ring
 71312 | Zot:5    | Identified the ring "Tiried" {Slay+3 Stlth+} (You found it on level 5 of the Realm of Zot)
 71347 | Zot:5    | Got the Orb of Zot
 71405 | Zot:5    | Killed an orb of fire
 71431 | Zot:5    | Noticed Xasawahi the pandemonium lord
 71472 | Zot:5    | Noticed Efaginirr the pandemonium lord
 71487 | Zot:5    | Noticed Feuxy the pandemonium lord
 71544 | Zot:5    | Noticed a seraph
 71868 | D:11     | Noticed Ceghiopo the pandemonium lord
 71975 | D:9      | Lost mutation: One of your tentacles bears a spike. [a cacodemon]
 72126 | D:1      | Noticed Jaq Qua the pandemonium lord
 72189 | D:$      | Escaped with the Orb!

Skill      XL: |  1  2  3  4  5  6  7  8  9 10 11 12 13 14 15 16 17 18 19 20 21 22 23 24 25 26 27 |
---------------+----------------------------------------------------------------------------------+-----
Long Blades    | 3 4 5 8 10 11 13 14 | 14.0
Stealth        | 1 3 4 9 12 14 20 23 27 | 27.0
Fighting       | 4 5 7 8 10 11 12 13 14 15 17 | 17.9
Dodging        | 5 7 9 10 11 12 13 14 15 16 17 18 20 | 20.6
Invocations    | 2 4 5 6 |  6.1
Shields        | 4 6 8 9 10 11 12 13 14 15 | 15.9
Air Magic      | 1 2 3 |  3.3
Charms         | 1 2 4 5 7 8 |  8.8
Translocations | 1 2 3 4 |  4.9
Evocations     | 8 10 11 16 19 20 | 20.2
Necromancy     | 3 5 7 8 |  8.0
Spellcasting   | 1 2 4 7 |  7.1
Summonings     | 4 |  4.4
Crossbows      | 13 | 13.1
Short Blades   | 6 13 | 13.0

Action                   |  1- 3 |  4- 6 |  7- 9 | 10-12 | 13-15 | 16-18 | 19-21 | 22-24 | 25-27 || total
-------------------------+-------+-------+-------+-------+-------+-------+-------+-------+-------++-------
Melee: Long sword        |    42 |    80 |   126 |   534 |  1029 |   741 |  1122 |  1450 |   961 ||  6085
       Constrict         |    15 |    54 |    75 |    78 |   130 |   149 |   224 |   202 |   103 ||  1030
       Tentacles         |    10 |    33 |    70 |   141 |   361 |   323 |   498 |   716 |   517 ||  2669
       Falchion          |       |    78 |   163 |       |       |       |       |       |       ||   241
       Bite              |       |       |       |    43 |   212 |   186 |   327 |   452 |   333 ||  1553
       Dagger            |       |       |       |       |    66 |    85 |   117 |    36 |       ||   304
       Kick              |       |       |       |       |       |       |    58 |  1083 |   843 ||  1984
       Rapier            |       |       |       |       |       |       |       |    49 |   191 ||   240
 Fire: Blowgun           |       |       |     9 |       |    38 |    29 |    12 |    17 |       ||   105
       Hand crossbow     |       |       |       |       |       |       |       |       |   103 ||   103
Throw: Stone             |       |       |     1 |    23 |    37 |    40 |    35 |    76 |    11 ||   223
 Cast: Repel Missiles    |       |       |     1 |     2 |     4 |     7 |     5 |     5 |     7 ||    31
       Shroud of Golubri |       |       |       |       |     4 |     1 |       |       |     1 ||     6
       Regeneration      |       |       |       |       |     1 |    15 |    13 |    17 |    43 ||    89
       Song of Slaying   |       |       |       |       |     1 |       |       |       |     1 ||     2
       Summon Butterflie |       |       |       |       |       |       |     2 |     2 |     7 ||    11
       Blink             |       |       |       |       |       |       |     1 |     2 |     3 ||     6
       Apportation       |       |       |       |       |       |       |     1 |       |     2 ||     3
       Swiftness         |       |       |       |       |       |       |       |       |     2 ||     2
Invok: Shadow Step       |       |       |       |       |     8 |    16 |     3 |     3 |    12 ||    42
       Shadow Form       |       |       |       |       |       |       |       |       |     2 ||     2
Evoke: Wand              |       |       |       |       |    11 |    17 |    11 |    15 |    22 ||    76
       Box of beasts     |       |       |       |       |       |     1 |       |       |       ||     1
       Sack of spiders   |       |       |       |       |       |     4 |       |       |       ||     4
       Rod               |       |       |       |       |       |       |    13 |    19 |    31 ||    63
       Fan of gales      |       |       |       |       |       |       |       |     1 |       ||     1
       Disc of storms    |       |       |       |       |       |       |       |       |     1 ||     1
  Use: Scroll            |       |     5 |    14 |    11 |    14 |    26 |    17 |    12 |    25 ||   124
       Potion            |       |     1 |     4 |     6 |     9 |     5 |    12 |    10 |    16 ||    63
 Stab: Sleeping          |     2 |     6 |    11 |    35 |    72 |    73 |   111 |    65 |    66 ||   441
       Distracted        |       |       |     1 |     3 |    12 |    10 |    15 |    13 |    21 ||    75
       Invisible         |       |       |       |       |       |       |     1 |       |     1 ||     2
  Eat: Chunk             |       |     8 |    10 |    24 |    39 |    38 |    62 |    84 |     4 ||   269
       Fruit             |       |       |       |       |     2 |     6 |     2 |     1 |     2 ||    13
       Royal jelly       |       |       |       |       |       |     2 |     2 |     1 |       ||     5
       Bread ration      |       |       |       |       |       |       |     1 |     2 |       ||     3
       Beef jerky        |       |       |       |       |       |       |       |     3 |       ||     3
       Pizza             |       |       |       |       |       |       |       |     1 |     1 ||     2
       Meat ration       |       |       |       |       |       |       |       |     1 |     9 ||    10
Armor: Skin              |     2 |     8 |    30 |    28 |    18 |    41 |    18 |    30 |    24 ||   199
Dodge: Dodged            |    16 |    65 |   127 |   207 |   501 |   434 |   718 |  1079 |   721 ||  3868
       Deflected         |       |       |       |     2 |    11 |    25 |    20 |    16 |    21 ||    95
Block: Shield            |    19 |    49 |       |       |   203 |   161 |   649 |  1239 |   913 ||  3233
       Buckler           |       |     7 |    57 |   115 |   180 |   134 |       |       |       ||   493
       Reflection        |       |       |       |       |       |    30 |    43 |    51 |    11 ||   135
       Rpst.: Long sword |     7 |    10 |    23 |    54 |   102 |    85 |   126 |   137 |    77 ||   621
       Falchion          |       |     6 |    16 |       |       |       |       |       |       ||    22
